 Dungeon Crawl Stone Soup version 0.23-a0-408-g9d4b7edeb2 (webtiles) character file.

750 Naru the Chopper (level 7, -2/61 HPs)
             Began as a Minotaur Fighter on Nov 8, 2018.
             Was a Follower of Makhleb.
             Slain by Edmund
             ... wielding a +4 dire flail of protection
              (7 damage)
             ... on level 5 of the Dungeon.
             The game lasted 00:07:25 (4199 turns).

Naru the Chopper (Minotaur Fighter)                 Turns: 4199, Time: 00:07:26

Health: -2/61      AC: 13    Str: 21    XL:     7   Next: 48%
Magic:  6/6        EV:  5    Int:  5    God:    Makhleb [*.....]
Gold:   163        SH: 10    Dex: 11    Spells: 6/6 levels left

rFire    . . .     SeeInvis .   a - +1 war axe
rCold    . . .     Gourm    .   c - +0 shield
rNeg     . . .     Faith    .   l - +0 chain mail
rPois    .         Spirit   .   (helmet restricted)
rElec    .         Reflect  .   t - +0 cloak
rCorr    .         Harm     .   s - +1 pair of gloves
MR       .....                  (no boots)
Stlth    ..........             (no amulet)
HPRegen  0.20/turn              (no ring)
MPRegen  0.10/turn              (no ring)

@: no status effects
A: retaliatory headbutt, horns 2
a: Renounce Religion


You were on level 5 of the Dungeon.
You worshipped Makhleb.
Makhleb was aware of your devotion.
You were not hungry.

You visited 1 branch of the dungeon, and saw 5 of its levels.

You collected 163 gold pieces.

Inventory:

Hand Weapons
 a - a +1 war axe (weapon)
 b - a +0 hunting sling
Missiles
 g - 14 bolts
 o - 64 stones (quivered)
 x - 10 tomahawks of returning
Armour
 c - a +0 shield (worn)
 l - a +0 chain mail (worn)
 s - a +1 pair of gloves (worn)
 t - a +0 cloak (worn)
Scrolls
 j - 2 scrolls of enchant armour {unknown}
 k - 2 scrolls of fog
 m - a scroll of identify {unknown}
 p - 2 scrolls of remove curse
 r - 3 scrolls of enchant weapon
 u - a scroll of teleportation {unknown}
 w - 2 scrolls of amnesia {unknown}
 y - a scroll of magic mapping {unknown}
Potions
 d - a potion of brilliance {unknown}
 e - a potion of invisibility {unknown}
 h - a potion of magic {unknown}
 i - a potion of cancellation {unknown}
 n - a potion of berserk rage
 q - a potion of resistance {unknown}
 v - a potion of lignification {unknown}
Comestibles
 f - 6 rations
 z - 7 chunks of flesh


   Skills:
 + Level 5.6 Fighting
 + Level 5.9 Axes
 * Level 4.6 Slings
 + Level 5.0 Armour
 + Level 4.8 Shields


You had 6 spell levels left.
You didn't know any spells.
Your spell library was empty.

Dungeon Overview and Level Annotations

Branches:
Dungeon (5/15)
 Temple: D:4-7

Altars:
Elyvilon
Makhleb
Okawaru
Trog
Uskayaw
Vehumet
Xom
Yredelemnul

Annotations:
D:4 1 runed door
D:5 Edmund


Innate Abilities, Weirdness & Mutations

You reflexively headbutt those who attack you in melee.
You have a pair of horns on your head.


Message History

You hit Edmund but do no damage. Your headbutt misses Edmund.
Edmund is heavily wounded.
Edmund hits you with a +4 dire flail of protection.
Edmund hits you but does no damage.
You slash Edmund! Your headbutt misses Edmund.
Edmund is severely wounded.
Edmund hits you but does no damage.
The orc wizard gestures wildly while chanting.
The orc wizard seems to speed up.
You hit Edmund.
Edmund is severely wounded.
You block Edmund's attack. x2
The orc wizard gestures wildly while chanting.
The orc wizard blinks!
You slash Edmund!
Edmund is severely wounded.
Edmund hits you with a +4 dire flail of protection!
* * * LOW HITPOINT WARNING * * *
Edmund hits you with a +4 dire flail of protection!
You die...

#.###...# ##.....#
.##..... #....(.
......#.) ......
#.##.##.. #....
#.##..#.) ##(..
#........ .{ยง #####...#
#@# ##.). #######@#####
#... ............#######
#.##
...#.[#.###.#.....###.##
...#..#.###.#...........
#..................#.##
...#..##.##.#......###.#
##.#........#.....## ##.
....###.###.......###.#
... #### #.#
#.####...#...


You could see Edmund (berserk).

Vanquished Creatures
  Grinder (D:5)
  A water moccasin (D:2)
  A centaur zombie (D:5)
  A bullfrog skeleton (D:4)
  A jelly (D:5)
  A hound (D:3)
  An orc wizard (D:5)
  2 iguanas
  2 worker ants (D:4)
  A howler monkey zombie (D:5)
  6 adders
  A gnoll (D:1)
  An ooze (D:4)
  A worm (D:3)
  6 dart slugs
  12 orcs
  10 bats
  2 giant cockroaches
  2 goblins (D:3)
  7 hobgoblins
  2 jackals (D:3)
  A quokka (D:4)
  2 ball pythons
  6 frilled lizards
  A giant cockroach zombie (D:5)
  A jackal zombie (D:5)
  11 kobolds
  3 leopard gecko zombies (D:5)
  9 rats
96 creatures vanquished.

Vanquished Creatures (others)
  An orc (D:3)
1 creature vanquished.

Grand Total: 97 creatures vanquished

Notes
Turn   | Place    | Note
-------+----------+-------------------------------------------
     0 | D:1      | Naru the Minotaur Fighter began the quest for the Orb.
     0 | D:1      | Reached XP level 1. HP: 19/19 MP: 0/0
   214 | D:1      | Reached XP level 2. HP: 27/27 MP: 1/1
   607 | D:1      | Reached XP level 3. HP: 33/33 MP: 2/2
  1552 | D:2      | Found a basalt altar of Yredelemnul.
  1554 | D:2      | Found a shimmering altar of Xom.
  1671 | D:2      | Reached XP level 4. HP: 29/41 MP: 3/3
  2140 | D:3      | Noticed a water moccasin
  2163 | D:2      | Killed a water moccasin
  2163 | D:2      | Reached XP level 5. HP: 20/47 MP: 4/4
  2742 | D:3      | Found a burning altar of Makhleb.
  2755 | D:3      | Reached skill level 5 in Fighting
  2755 | D:3      | Reached skill level 5 in Axes
  2785 | D:3      | Found a bloodstained altar of Trog.
  2809 | D:3      | Became a worshipper of Makhleb the Destroyer
  2949 | D:3      | Found a radiant altar of Vehumet.
  3180 | D:3      | Reached XP level 6. HP: 56/56 MP: 5/5
  3505 | D:4      | Found a white marble altar of Elyvilon.
  3505 | D:4      | Noticed an angel
  3507 | D:4      | Found a runed door.
  3590 | D:4      | Reached skill level 1 in Slings
  3750 | D:4      | Found a hide-covered altar of Uskayaw.
  3923 | D:5      | Entered Level 5 of the Dungeon
  4002 | D:5      | Reached * piety under Makhleb
  4030 | D:5      | Noticed Grinder
  4042 | D:5      | Paralysed by Grinder for 2 turns
  4056 | D:5      | Killed Grinder
  4056 | D:5      | Reached skill level 5 in Armour
  4056 | D:5      | Reached XP level 7. HP: 61/61 MP: 6/6
  4124 | D:5      | Found an iron altar of Okawaru.
  4181 | D:5      | Noticed Edmund
  4199 | D:5      | Slain by Edmund

Vault maps used:
D:1:      minmay_arrival_cross, corexii_hall_statues_t
D:2:      gammafunk_temple_overflow_pools, first_ration, st_stairs_9
D:3:      nicolae_overflow_hidden_temple, makhleb_heckhound_becter,
          fiery_altar_vehumet, hangedman_decor_growths
D:4:      marbit_many_paths, lemuel_angel_altar
D:5:      serial_undead, serial_undead_d, serial_undead_b, serial_undead_d,
          serial_undead_b, okawaru_ov_weapons_minmay, uniq_edmund,
          uniq_menkaure, uniq_duvessa, uniq_grinder

Skill      XL: |  1  2  3  4  5  6 |
---------------+-------------------+-----
Fighting       | 4 5 |  5.6
Armour         | 4 5 |  5.0
Shields        | 4 |  4.8
Axes           | 3 4 5 |  5.9
Slings         | 4 |  4.6

Action                   |  1- 3 |  4- 6 |  7- 9 || total
-------------------------+-------+-------+-------++-------
Melee: War axe           |    91 |   102 |    13 ||   206
       Headbutt          |    12 |    18 |     4 ||    34
 Fire: Hunting sling     |       |    54 |     8 ||    62
Throw: Stone             |     2 |       |       ||     2
  Use: Potion            |       |     2 |       ||     2
       Scroll            |       |     3 |       ||     3
  Eat: Chunk             |     2 |     3 |       ||     5
       Ration            |       |     2 |       ||     2
Armor: Scale mail        |    35 |       |       ||    35
       Chain mail        |     3 |    66 |     2 ||    71
Dodge: Dodged            |    34 |    32 |     3 ||    69
Block: Shield            |    44 |    57 |    13 ||   114

Table legend:
 A = Non-vault XP
 B = Vault XP
 C = Vault XP percentage of total XP
 D = Non-vault monster count
 E = Vault monster count
 F = Vault count percentage of total count
                 A         B        C        D         E       F
            +---------+---------+-------+---------+---------+-------
      Total |     641 |     431 |  40.2 |      87 |       9 |   9.4
            +---------+---------+-------+---------+---------+-------
        D:1 |      54 |       0 |   0.0 |      24 |       0 |   0.0
        D:2 |     191 |      15 |   7.3 |      18 |       2 |  10.0
        D:3 |      86 |      40 |  31.7 |      24 |       1 |   4.0
        D:4 |     179 |       0 |   0.0 |      10 |       0 |   0.0
        D:5 |     131 |     376 |  74.2 |      11 |       6 |  35.3
            +---------+---------+-------+---------+---------+-------
